Edmonton Oilers vs St.Louis Blues
Created - Friday, April 28, 2023 at 07:25
Goals
|
| Edmonton Oilers |
0 |
0 |
3 |
3 |
| St.Louis Blues |
0 |
0 |
1 |
1 |
|
Shots
|
| Edmonton Oilers |
13 |
8 |
12 |
33 |
| St.Louis Blues |
5 |
12 |
17 |
34 |
|
1st period
No Goal
Penalties :
Brandon Carlo (EDM) for Interference (Minor) at 11:00
2nd period
No Goal
Penalties :
Colton Parayko (STL) for Hooking (Minor) at 5:40
3rd period
1. St.Louis Blues , Alex Pietrangelo 1 (Colton Parayko 10, Alex DeBrincat 14) at 1:56
2. Edmonton Oilers , Mikael Backlund 5 (Brock Boeser 9, Alex Iafallo 7) at 2:48
3. Edmonton Oilers , Adrian Kempe 17 (Boone Jenner 29) at 4:08 (PP)
4. Edmonton Oilers , Brock Boeser 9 (Mikael Backlund 9, Alex Iafallo 8) at 11:38
Penalties :
Jake Guentzel (STL) for Hooking (Minor) at 4:03, Boone Jenner (EDM) for Holding (Minor) at 17:04
Goalie Stats
Juuse Saros (EDM), 33 saves from 34 shots - (0.971), W, 14-9-0, 60:00 minutes
Frederik Andersen (STL), 30 saves from 33 shots - (0.909), L, 15-9-1, 60:00 minutes
Players Stats for Edmonton Oilers
Player Name G A P +/- PIM S H SB GA TA FO MP PP MP PK MP
------------------------------------------------------------------------------------
Adrian Kempe 1 0 1 0 0 6 3 0 0 1 1/2 18:20 1:13 0:00
Alex Iafallo 0 2 2 2 0 0 1 0 0 0 0/1 13:55 0:00 1:50
Anthony Duclair 0 0 0 0 0 3 0 1 0 0 0/4 17:54 1:06 0:00
Boone Jenner 0 1 1 0 2 2 2 0 1 2 17/26 20:23 1:13 1:00
Brandon Carlo 0 0 0 1 2 1 0 2 0 0 0/0 18:19 0:00 0:48
Brett Pesce 0 0 0 0 0 3 2 4 0 1 0/0 26:12 0:00 2:39
Brock Boeser 1 1 2 2 0 6 0 0 1 0 0/0 12:58 0:51 0:00
Cam Atkinson 0 0 0 0 0 3 0 0 0 3 0/1 19:57 0:58 0:57
Damon Severson 0 0 0 0 0 0 1 3 0 2 0/0 21:06 1:06 1:19
Duncan Keith 0 0 0 1 0 1 0 7 1 0 0/0 18:04 0:00 0:31
Erik Johnson 0 0 0 0 0 0 1 6 0 0 0/0 20:05 0:00 2:39
Evan Bouchard 0 0 0 0 0 0 2 0 0 0 0/0 13:43 0:58 0:00
Jake DeBrusk 0 0 0 -1 0 0 0 1 0 0 0/0 7:46 0:51 0:00
Jamie Benn 0 0 0 0 0 3 3 0 1 0 0/1 19:14 1:13 0:00
Mikael Backlund 1 1 2 2 0 2 1 1 0 0 6/9 13:34 0:00 1:36
Paul Stastny 0 0 0 -1 0 2 0 0 0 0 0/0 7:49 0:00 0:25
Ryan Getzlaf 0 0 0 0 0 1 0 0 0 0 12/25 17:39 0:51 0:00
Sean Kuraly 0 0 0 -1 0 0 1 1 0 0 0/1 9:02 0:00 2:08
Players Stats for St.Louis Blues
Player Name G A P +/- PIM S H SB GA TA FO MP PP MP PK MP
------------------------------------------------------------------------------------
Adam Pelech 0 0 0 0 0 1 0 1 0 1 0/0 13:42 0:00 1:13
Alex DeBrincat 0 1 1 1 0 3 1 0 0 0 0/1 18:08 1:41 0:00
Alex Pietrangelo 1 0 1 1 0 1 4 2 1 0 0/0 26:29 1:00 0:51
Colton Parayko 0 1 1 1 2 0 0 0 0 0 0/0 24:14 0:00 0:00
Curtis Lazar 0 0 0 0 0 1 2 0 0 0 0/0 6:50 0:00 0:00
Danny DeKeyser 0 0 0 0 0 2 1 0 0 0 0/0 13:42 0:00 1:13
Elias Pettersson 0 0 0 0 0 3 0 0 4 0 1/1 22:00 2:17 0:34
Evander Kane 0 0 0 -2 0 3 1 0 0 1 0/0 13:12 1:41 0:00
Frederick Gaudreau 0 0 0 0 0 1 0 0 0 0 1/4 8:22 0:00 1:02
Jack Eichel 0 0 0 -2 0 1 0 1 0 0 0/1 13:30 2:17 0:00
Jake Guentzel 0 0 0 0 2 7 3 0 0 0 1/2 21:42 2:58 0:00
Jimmy Vesey 0 0 0 0 0 1 0 0 0 0 0/0 8:19 0:00 1:02
Joe Pavelski 0 0 0 1 0 5 1 0 0 1 10/23 18:40 2:17 0:00
Jonas Brodin 0 0 0 -2 0 1 1 1 0 0 0/0 17:39 0:00 0:51
Morgan Rielly 0 0 0 -2 0 0 2 1 1 1 0/0 19:49 2:58 0:00
Ondrej Kase 0 0 0 -2 0 0 0 0 0 0 1/2 11:34 0:00 0:28
Robert Thomas 0 0 0 0 0 1 0 2 1 0 20/36 21:05 1:41 0:28
Tage Thompson 0 0 0 1 0 3 2 1 2 0 0/0 18:57 1:00 0:34
3 Stars
1 - Juuse Saros (EDM)
2 - Mikael Backlund (EDM)
3 - Brock Boeser (EDM)
Power Play
Edmonton Oilers - 1 on 2 Attempt(s) - 50.00%
St.Louis Blues - 0 on 2 Attempt(s) - 0.00%
Penalty Kill
Edmonton Oilers - 2 on 2 Attempt(s) - 100.00%
- Score 0 goal in Penalty Kill
St.Louis Blues - 1 on 2 Attempt(s) - 50.00%
- Score 0 goal in Penalty Kill
Team Stat
Edmonton Oilers - Hits : 17 - Faceoff Wins : 36 - Blocked Shots : 26 - Penalty Minutes : 4
St.Louis Blues - Hits : 18 - Faceoff Wins : 34 - Blocked Shots : 9 - Penalty Minutes : 4
Official
Referees : Graham Skiliter and Eric Furlatt
Linesman : Ryan Galloway and Steve Miller
Game Notes
No Game Note
Finance
Level 1 -- Attendance: 6000 (100.00%) -- Ticket Income $582,000
Level 2 -- Attendance: 5000 (100.00%) -- Ticket Income $285,000
Level 3 -- Attendance: 2816 (93.87%) -- Ticket Income $95,744
Level 4 -- Attendance: 5000 (100.00%) -- Ticket Income $115,000
Luxury Box -- Attendance: 1000 (100.00%) -- Ticket Income $194,000
Game was played at the Scottrade Center.
Total Attendance: 19816 (99.08%)
Total Ticket Income: $1,271,744
Other Income: $445,110
Total Income: $1,716,854
Edmonton Oilers
5 vs 5 Forward
Center Left Wing Right Wing Time % Phy DF OF
1 Boone Jenner Jamie Benn Cam Atkinson 35 0 2 3
2 Ryan Getzlaf Anthony Duclair Adrian Kempe 34 0 2 3
3 Mikael Backlund Alex Iafallo Brock Boeser 21 0 2 3
4 Sean Kuraly Paul Stastny Jake DeBrusk 10 1 2 2
5 vs 5 Defense
Defense Defense Time % Phy DF OF
1 Damon Severson Brett Pesce 35 0 3 2
2 Duncan Keith Brandon Carlo 31 0 4 1
3 Erik Johnson Evan Bouchard 22 1 2 2
4 Erik Johnson Brett Pesce 12 1 4 0
PowerPlay Forward
Center Left Wing Right Wing Time % Phy DF OF
1 Boone Jenner Jamie Benn Adrian Kempe 60 0 0 5
2 Ryan Getzlaf Jake DeBrusk Brock Boeser 40 0 0 5
PowerPlay Defense
Defense Defense Time % Phy DF OF
1 Damon Severson Anthony Duclair 60 0 1 4
2 Evan Bouchard Cam Atkinson 40 0 1 4
Penalty Kill 4 Players Forward
Center Wing Time % Phy DF OF
1 Boone Jenner Sean Kuraly 50 1 4 0
2 Mikael Backlund Alex Iafallo 50 1 4 0
Penalty Kill 4 Players Defense
Defense Defense Time % Phy DF OF
1 Erik Johnson Brett Pesce 60 1 4 0
2 Damon Severson Brandon Carlo 40 1 4 0
Penalty Kill - 3 Players Forward
Forward Time % Phy DF OF
1 Boone Jenner 50 0 5 0
2 Mikael Backlund 50 0 5 0
Penalty Kill - 3 Players Defense
Defense Defense Time % Phy DF OF
1 Erik Johnson Brett Pesce 50 1 4 0
2 Damon Severson Brandon Carlo 50 1 4 0
4 vs 4 Forward
Center Wing Time % Phy DF OF
1 Jamie Benn Adrian Kempe 57 0 2 3
2 Mikael Backlund Anthony Duclair 43 0 2 3
4 vs 4 Defense
Defense Defense Time % Phy DF OF
1 Damon Severson Brett Pesce 56 0 3 2
2 Evan Bouchard Brandon Carlo 44 0 2 3
Last Minutes Offensive
Center Left Wing Right Wing Defense Defense
Boone Jenner Jamie Benn Adrian Kempe Damon Severson Evan Bouchard
Last Minutes Defensive
Center Left Wing Right Wing Defense Defense
Boone Jenner Sean Kuraly Mikael Backlund Erik Johnson Brett Pesce
Goaltenders
Starting : Juuse Saros
Backup : Matt Murray
Extra Forwards
Normal : Adrian Kempe, Brock Boeser, Paul Stastny - PP : Jake DeBrusk, Paul Stastny - PK : Cam Atkinson
Extra Defensemen
Normal : Duncan Keith, Evan Bouchard, Damon Severson - PP : Duncan Keith - PK : Damon Severson, Duncan Keith
Penalty Shots
Boone Jenner, Anthony Duclair, Adrian Kempe, Cam Atkinson, Jake DeBrusk
St.Louis Blues
5 vs 5 Forward
Center Left Wing Right Wing Time % Phy DF OF
1 Robert Thomas Elias Pettersson Jake Guentzel 40 0 2 3
2 Joe Pavelski Alex DeBrincat Tage Thompson 30 0 2 3
3 Jack Eichel Evander Kane Ondrej Kase 20 1 2 2
4 Frederick Gaudreau Jimmy Vesey Curtis Lazar 10 1 3 1
5 vs 5 Defense
Defense Defense Time % Phy DF OF
1 Alex Pietrangelo Colton Parayko 40 1 2 2
2 Morgan Rielly Jonas Brodin 30 1 2 2
3 Danny DeKeyser Adam Pelech 20 1 2 2
4 Alex Pietrangelo Colton Parayko 10 1 2 2
PowerPlay Forward
Center Left Wing Right Wing Time % Phy DF OF
1 Joe Pavelski Jack Eichel Elias Pettersson 60 1 0 4
2 Robert Thomas Alex DeBrincat Evander Kane 40 1 0 4
PowerPlay Defense
Defense Defense Time % Phy DF OF
1 Morgan Rielly Jake Guentzel 60 0 1 4
2 Tage Thompson Alex Pietrangelo 40 0 1 4
Penalty Kill 4 Players Forward
Center Wing Time % Phy DF OF
1 Frederick Gaudreau Jimmy Vesey 60 1 4 0
2 Robert Thomas Ondrej Kase 40 1 4 0
Penalty Kill 4 Players Defense
Defense Defense Time % Phy DF OF
1 Adam Pelech Danny DeKeyser 60 2 3 0
2 Jonas Brodin Colton Parayko 40 2 3 0
Penalty Kill - 3 Players Forward
Forward Time % Phy DF OF
1 Frederick Gaudreau 60 0 5 0
2 Robert Thomas 40 0 5 0
Penalty Kill - 3 Players Defense
Defense Defense Time % Phy DF OF
1 Adam Pelech Danny DeKeyser 60 1 4 0
2 Jonas Brodin Colton Parayko 40 1 4 0
4 vs 4 Forward
Center Wing Time % Phy DF OF
1 Elias Pettersson Tage Thompson 60 0 2 3
2 Robert Thomas Jake Guentzel 40 0 2 3
4 vs 4 Defense
Defense Defense Time % Phy DF OF
1 Alex Pietrangelo Colton Parayko 60 0 3 2
2 Morgan Rielly Jonas Brodin 40 0 3 2
Last Minutes Offensive
Center Left Wing Right Wing Defense Defense
Robert Thomas Elias Pettersson Jake Guentzel Tage Thompson Morgan Rielly
Last Minutes Defensive
Center Left Wing Right Wing Defense Defense
Frederick Gaudreau Jimmy Vesey Ondrej Kase Colton Parayko Alex Pietrangelo
Goaltenders
Starting : Frederik Andersen
Backup : Scott Wedgewood
Extra Forwards
Normal : Tage Thompson, Evander Kane, Frederick Gaudreau - PP : Alex DeBrincat, Jack Eichel - PK : Tage Thompson
Extra Defensemen
Normal : Morgan Rielly, Colton Parayko, Adam Pelech - PP : Jonas Brodin - PK : Colton Parayko, Alex Pietrangelo
Penalty Shots
Alex DeBrincat, Joe Pavelski, Tage Thompson, Elias Pettersson, Robert Thomas
% Time on Ice - Edmonton Oilers
Lines # - Real PCT - Wanted PCT - Time Play
Normal Forward
1 - 34% - 35% - 18:22
2 - 31% - 34% - 16:48
3 - 22% - 21% - 11:58
4 - 13% - 10% - 6:50
Normal Defense
1 - 34% - 35% - 18:22
2 - 34% - 31% - 18:10
3 - 23% - 22% - 12:15
4 - 10% - 12% - 5:11
PP Forward
1 - 59% - 60% - 1:13
2 - 41% - 40% - 0:51
PP Defense
1 - 53% - 60% - 1:06
2 - 47% - 40% - 0:58
PK Forward
1 - 60% - 50% - 2:22
2 - 40% - 50% - 1:36
PK Defense
1 - 67% - 60% - 2:39
2 - 33% - 40% - 1:19
PK3 Forward
1 - 0% - 50%
2 - 0% - 50%
PK3 Defense
1 - 0% - 50%
2 - 0% - 50%
44 Forward
1 - 0% - 57%
2 - 0% - 43%
44 Defense
1 - 0% - 56%
2 - 0% - 44%
Last Minute Offensive - 0:00
Last Minute Defensive - 0:00
Total
Forward - 60:00
Defense - 60:00
|
% Time on Ice - St.Louis Blues
Lines # - Real PCT - Wanted PCT - Time Play
Normal Forward
1 - 37% - 40% - 20:04
2 - 30% - 30% - 16:09
3 - 21% - 20% - 11:06
4 - 12% - 10% - 6:39
Normal Defense
1 - 37% - 40% - 20:00
2 - 33% - 30% - 17:45
3 - 23% - 20% - 12:29
4 - 7% - 10% - 3:44
PP Forward
1 - 58% - 60% - 2:17
2 - 42% - 40% - 1:41
PP Defense
1 - 75% - 60% - 2:58
2 - 25% - 40% - 1:00
PK Forward
1 - 77% - 60% - 1:36
2 - 23% - 40% - 0:28
PK Defense
1 - 59% - 60% - 1:13
2 - 41% - 40% - 0:51
PK3 Forward
1 - 0% - 60%
2 - 0% - 40%
PK3 Defense
1 - 0% - 60%
2 - 0% - 40%
44 Forward
1 - 0% - 60%
2 - 0% - 40%
44 Defense
1 - 0% - 60%
2 - 0% - 40%
Last Minute Offensive - 0:00
Last Minute Defensive - 0:00
Total
Forward - 60:00
Defense - 60:00
|
Play-by-Play
1st period
0:01 of 1st period - Robert Thomas wins face-off versus Boone Jenner in neutral zone.
1:13 of 1st period - Wrist shot by Frederick Gaudreau.
1:13 of 1st period - Shot Blocked by Jake DeBrusk.
1:35 of 1st period - Slapshot by Robert Thomas.
1:35 of 1st period - Shot Misses the Net.
1:37 of 1st period - Slapshot by Danny DeKeyser.
1:37 of 1st period - Deflect By Boone Jenner.
1:37 of 1st period - Stopped by Juuse Saros with a rebound.
1:55 of 1st period - Snap shot by Adrian Kempe.
1:55 of 1st period - Deflect By Alex Pietrangelo.
1:55 of 1st period - Shot Misses the Net.
1:55 of 1st period - Puck is out of play.
1:56 of 1st period - Ryan Getzlaf wins face-off versus Joe Pavelski in St.Louis Blues zone.
3:10 of 1st period - Cam Atkinson is hit by Curtis Lazar.
3:18 of 1st period - Icing by Frederick Gaudreau.
3:19 of 1st period - Adrian Kempe wins face-off versus Frederick Gaudreau in St.Louis Blues zone.
3:30 of 1st period - Off-side.
3:31 of 1st period - Robert Thomas wins face-off versus Ryan Getzlaf in neutral zone.
4:01 of 1st period - Off-side.
4:02 of 1st period - Boone Jenner wins face-off versus Joe Pavelski in neutral zone.
4:13 of 1st period - Boone Jenner is hit by Alex DeBrincat and loses puck.
5:53 of 1st period - Slapshot by Elias Pettersson.
5:53 of 1st period - Deflect By Robert Thomas.
5:53 of 1st period - Shot Blocked by Erik Johnson.
5:53 of 1st period - Puck is out of play.
5:54 of 1st period - Ryan Getzlaf wins face-off versus Robert Thomas in Edmonton Oilers zone.
5:59 of 1st period - Snap shot by Adrian Kempe.
5:59 of 1st period - Deflect By Ryan Getzlaf.
5:59 of 1st period - Shot Misses the Net.
5:59 of 1st period - Puck is out of play.
6:00 of 1st period - Ryan Getzlaf wins face-off versus Robert Thomas in St.Louis Blues zone.
6:13 of 1st period - Wrist shot by Jake Guentzel.
6:13 of 1st period - Deflect By Robert Thomas.
6:13 of 1st period - Shot Blocked by Brett Pesce.
6:13 of 1st period - Puck is out of play.
6:14 of 1st period - Boone Jenner wins face-off versus Jack Eichel in Edmonton Oilers zone.
6:28 of 1st period - Off-side.
6:29 of 1st period - Robert Thomas wins face-off versus Ryan Getzlaf in neutral zone.
6:40 of 1st period - Wrist shot by Elias Pettersson.
6:40 of 1st period - Stopped by Juuse Saros without a rebound.
6:41 of 1st period - Mikael Backlund wins face-off versus Joe Pavelski in Edmonton Oilers zone.
6:43 of 1st period - Icing by Brock Boeser.
6:44 of 1st period - Mikael Backlund wins face-off versus Joe Pavelski in Edmonton Oilers zone.
7:15 of 1st period - Snap shot by Cam Atkinson.
7:15 of 1st period - Shot Misses the Net.
7:17 of 1st period - Snap shot by Cam Atkinson.
7:17 of 1st period - Stopped by Frederik Andersen without a rebound.
7:18 of 1st period - Boone Jenner wins face-off versus Robert Thomas in St.Louis Blues zone.
7:25 of 1st period - Boone Jenner is hit by Jake Guentzel and loses puck.
8:14 of 1st period - Adrian Kempe is hit by Alex Pietrangelo.
8:48 of 1st period - Curtis Lazar is hit by Evan Bouchard and loses puck.
9:18 of 1st period - Snap shot by Joe Pavelski.
9:18 of 1st period - Stopped by Juuse Saros with a rebound.
9:41 of 1st period - Icing by Danny DeKeyser.
9:42 of 1st period - Robert Thomas wins face-off versus Boone Jenner in St.Louis Blues zone.
9:47 of 1st period - Damon Severson is hit by Danny DeKeyser and loses puck.
9:58 of 1st period - Adam Pelech is hit by Jamie Benn and loses puck.
10:33 of 1st period - Slapshot by Jack Eichel.
10:33 of 1st period - Shot Blocked by Duncan Keith.
11:00 of 1st period - Minor Penalty to Brandon Carlo for Interference.
11:01 of 1st period - Boone Jenner wins face-off versus Joe Pavelski in Edmonton Oilers zone.
11:13 of 1st period - Wrist shot by Elias Pettersson.
11:13 of 1st period - Shot Blocked by Brett Pesce.
11:15 of 1st period - Slapshot by Morgan Rielly.
11:15 of 1st period - Shot Blocked by Brett Pesce.
11:33 of 1st period - Wrist shot by Evander Kane.
11:33 of 1st period - Stopped by Juuse Saros without a rebound.
11:34 of 1st period - Boone Jenner wins face-off versus Joe Pavelski in Edmonton Oilers zone.
11:51 of 1st period - Off-side.
11:52 of 1st period - Boone Jenner wins face-off versus Robert Thomas in neutral zone.
12:09 of 1st period - Snap shot by Robert Thomas.
12:09 of 1st period - Stopped by Juuse Saros without a rebound.
12:10 of 1st period - Mikael Backlund wins face-off versus Joe Pavelski in Edmonton Oilers zone.
12:23 of 1st period - Snap shot by Elias Pettersson.
12:23 of 1st period - Shot Misses the Net.
12:25 of 1st period - Wrist shot by Joe Pavelski.
12:25 of 1st period - Shot Misses the Net.
13:00 of 1st period - Penalty to Brandon Carlo is over, Brandon Carlo is back on ice.
13:11 of 1st period - Icing by Frederick Gaudreau.
13:12 of 1st period - Ryan Getzlaf wins face-off versus Frederick Gaudreau in St.Louis Blues zone.
13:15 of 1st period - Snap shot by Anthony Duclair.
13:15 of 1st period - Stopped by Frederik Andersen with a rebound.
13:17 of 1st period - Slapshot by Brett Pesce.
13:17 of 1st period - Stopped by Frederik Andersen with a rebound.
13:19 of 1st period - Snap shot by Damon Severson.
13:19 of 1st period - Deflect By Adrian Kempe.
13:19 of 1st period - Stopped by Frederik Andersen with a rebound.
13:21 of 1st period - Wrist shot by Adrian Kempe.
13:21 of 1st period - Shot Blocked by Tage Thompson.
13:23 of 1st period - Slapshot by Damon Severson.
13:23 of 1st period - Shot Misses the Net.
13:25 of 1st period - Snap shot by Adrian Kempe.
13:25 of 1st period - Stopped by Frederik Andersen with a rebound.
13:27 of 1st period - Slapshot by Brett Pesce.
13:27 of 1st period - Deflect By Anthony Duclair.
13:27 of 1st period - Shot Misses the Net.
13:27 of 1st period - Puck is out of play.
13:28 of 1st period - Boone Jenner wins face-off versus Robert Thomas in St.Louis Blues zone.
13:33 of 1st period - Slapshot by Cam Atkinson.
13:33 of 1st period - Shot Misses the Net.
13:35 of 1st period - Snap shot by Brett Pesce.
13:35 of 1st period - Stopped by Frederik Andersen with a rebound.
13:37 of 1st period - Slapshot by Erik Johnson.
13:37 of 1st period - Shot Blocked by Robert Thomas.
13:39 of 1st period - Wrist shot by Jamie Benn.
13:39 of 1st period - Stopped by Frederik Andersen without a rebound.
13:40 of 1st period - Robert Thomas wins face-off versus Ryan Getzlaf in St.Louis Blues zone.
14:33 of 1st period - Slapshot by Paul Stastny.
14:33 of 1st period - Stopped by Frederik Andersen without a rebound.
14:34 of 1st period - Robert Thomas wins face-off versus Ryan Getzlaf in St.Louis Blues zone.
15:06 of 1st period - Morgan Rielly is hit by Brett Pesce and loses puck.
15:27 of 1st period - Snap shot by Brock Boeser.
15:27 of 1st period - Shot Blocked by Adam Pelech.
15:29 of 1st period - Slapshot by Alex Iafallo.
15:29 of 1st period - Shot Misses the Net.
15:31 of 1st period - Wrist shot by Mikael Backlund.
15:31 of 1st period - Stopped by Frederik Andersen with a rebound.
15:33 of 1st period - Slapshot by Duncan Keith.
15:33 of 1st period - Deflect By Brock Boeser.
15:33 of 1st period - Shot Misses the Net.
15:33 of 1st period - Puck is out of play.
15:34 of 1st period - Robert Thomas wins face-off versus Ryan Getzlaf in St.Louis Blues zone.
15:45 of 1st period - Wrist shot by Ryan Getzlaf.
15:45 of 1st period - Stopped by Frederik Andersen without a rebound.
15:46 of 1st period - Robert Thomas wins face-off versus Boone Jenner in St.Louis Blues zone.
15:46 of 1st period - Robert Thomas is hit by Boone Jenner.
16:12 of 1st period - Brett Pesce is hit by Alex Pietrangelo and loses puck.
16:19 of 1st period - Snap shot by Anthony Duclair.
16:19 of 1st period - Shot Misses the Net.
16:21 of 1st period - Snap shot by Brandon Carlo.
16:21 of 1st period - Deflect By Alex DeBrincat.
16:21 of 1st period - Stopped by Frederik Andersen without a rebound.
16:22 of 1st period - Boone Jenner wins face-off versus Joe Pavelski in St.Louis Blues zone.
18:15 of 1st period - Wrist shot by Anthony Duclair.
18:15 of 1st period - Shot Misses the Net.
19:04 of 1st period - Slapshot by Cam Atkinson.
19:04 of 1st period - Shot Blocked by Jack Eichel.
19:06 of 1st period - Backhand shot by Boone Jenner.
19:06 of 1st period - Stopped by Frederik Andersen without a rebound.
19:07 of 1st period - Ryan Getzlaf wins face-off versus Robert Thomas in St.Louis Blues zone.
19:08 of 1st period - Wrist shot by Anthony Duclair.
19:08 of 1st period - Stopped by Frederik Andersen with a rebound.
19:24 of 1st period - Snap shot by Jake Guentzel.
19:24 of 1st period - Shot Blocked by Brandon Carlo.
Goals for this period are 0 for Edmonton Oilers vs 0 for St.Louis Blues.
Shots for this period are 13 for Edmonton Oilers vs 5 for St.Louis Blues.
2nd period
0:01 of 2nd period - Ryan Getzlaf wins face-off versus Robert Thomas in neutral zone.
0:16 of 2nd period - Wrist shot by Robert Thomas.
0:16 of 2nd period - Shot Misses the Net.
0:33 of 2nd period - Snap shot by Alex DeBrincat.
0:33 of 2nd period - Shot Blocked by Duncan Keith.
0:35 of 2nd period - Snap shot by Joe Pavelski.
0:35 of 2nd period - Deflect By Tage Thompson.
0:35 of 2nd period - Shot Misses the Net.
0:35 of 2nd period - Puck is out of play.
0:36 of 2nd period - Robert Thomas wins face-off versus Alex Iafallo in Edmonton Oilers zone.
0:39 of 2nd period - Snap shot by Jake Guentzel.
0:39 of 2nd period - Shot Blocked by Duncan Keith.
1:56 of 2nd period - Slapshot by Brock Boeser.
1:56 of 2nd period - Stopped by Frederik Andersen without a rebound.
1:57 of 2nd period - Robert Thomas wins face-off versus Anthony Duclair in St.Louis Blues zone.
2:32 of 2nd period - Boone Jenner is hit by Tage Thompson and loses puck.
3:29 of 2nd period - Snap shot by Elias Pettersson.
3:29 of 2nd period - Shot Blocked by Erik Johnson.
3:31 of 2nd period - Slapshot by Adam Pelech.
3:31 of 2nd period - Stopped by Juuse Saros without a rebound.
3:32 of 2nd period - Robert Thomas wins face-off versus Sean Kuraly in Edmonton Oilers zone.
3:33 of 2nd period - Wrist shot by Elias Pettersson.
3:33 of 2nd period - Shot Misses the Net.
3:35 of 2nd period - Slapshot by Jonas Brodin.
3:35 of 2nd period - Stopped by Juuse Saros without a rebound.
3:36 of 2nd period - Boone Jenner wins face-off versus Robert Thomas in Edmonton Oilers zone.
3:45 of 2nd period - Boone Jenner is hit by Morgan Rielly and loses puck.
4:14 of 2nd period - Wrist shot by Anthony Duclair.
4:14 of 2nd period - Shot Blocked by Morgan Rielly.
4:34 of 2nd period - Snap shot by Alex DeBrincat.
4:34 of 2nd period - Stopped by Juuse Saros with a rebound.
5:40 of 2nd period - Minor Penalty to Colton Parayko for Hooking.
5:41 of 2nd period - Frederick Gaudreau wins face-off versus Boone Jenner in St.Louis Blues zone.
6:21 of 2nd period - Slapshot by Anthony Duclair.
6:21 of 2nd period - Shot Blocked by Alex Pietrangelo.
7:07 of 2nd period - Elias Pettersson is hit by Adrian Kempe.
7:35 of 2nd period - Evan Bouchard is hit by Jonas Brodin and loses puck.
7:40 of 2nd period - Penalty to Colton Parayko is over, Colton Parayko is back on ice.
7:44 of 2nd period - Slapshot by Tage Thompson.
7:44 of 2nd period - Shot Misses the Net.
7:50 of 2nd period - Colton Parayko is hit by Jamie Benn.
9:07 of 2nd period - Slapshot by Alex DeBrincat.
9:07 of 2nd period - Shot Misses the Net.
9:19 of 2nd period - Brandon Carlo is hit by Morgan Rielly and loses puck.
9:25 of 2nd period - Icing by Duncan Keith.
9:26 of 2nd period - Robert Thomas wins face-off versus Ryan Getzlaf in Edmonton Oilers zone.
10:01 of 2nd period - Snap shot by Jamie Benn.
10:01 of 2nd period - Stopped by Frederik Andersen with a rebound.
10:15 of 2nd period - Adam Pelech is hit by Sean Kuraly and loses puck.
11:14 of 2nd period - Slapshot by Cam Atkinson.
11:14 of 2nd period - Shot Misses the Net.
11:16 of 2nd period - Slapshot by Duncan Keith.
11:16 of 2nd period - Stopped by Frederik Andersen without a rebound.
11:17 of 2nd period - Joe Pavelski wins face-off versus Mikael Backlund in St.Louis Blues zone.
11:34 of 2nd period - Wrist shot by Alex DeBrincat.
11:34 of 2nd period - Stopped by Juuse Saros with a rebound.
11:50 of 2nd period - Wrist shot by Jake Guentzel.
11:50 of 2nd period - Stopped by Juuse Saros with a rebound.
11:52 of 2nd period - Slapshot by Jake Guentzel.
11:52 of 2nd period - Stopped by Juuse Saros without a rebound.
11:53 of 2nd period - Ryan Getzlaf wins face-off versus Robert Thomas in Edmonton Oilers zone.
12:00 of 2nd period - Jake Guentzel is hit by Adrian Kempe and loses puck.
12:19 of 2nd period - Snap shot by Jake Guentzel.
12:19 of 2nd period - Stopped by Juuse Saros without a rebound.
12:20 of 2nd period - Boone Jenner wins face-off versus Joe Pavelski in Edmonton Oilers zone.
12:20 of 2nd period - Boone Jenner is hit by Joe Pavelski.
12:51 of 2nd period - Slapshot by Jack Eichel.
12:51 of 2nd period - Deflect By Damon Severson.
12:51 of 2nd period - Shot Hit the Post.
12:51 of 2nd period - Puck is out of play.
12:52 of 2nd period - Robert Thomas wins face-off versus Ryan Getzlaf in Edmonton Oilers zone.
13:01 of 2nd period - Wrist shot by Jake Guentzel.
13:01 of 2nd period - Shot Hit the Post.
13:03 of 2nd period - Slapshot by Colton Parayko.
13:03 of 2nd period - Deflect By Jake Guentzel.
13:03 of 2nd period - Shot Blocked by Erik Johnson.
13:03 of 2nd period - Puck is out of play.
13:04 of 2nd period - Robert Thomas wins face-off versus Boone Jenner in Edmonton Oilers zone.
13:13 of 2nd period - Slapshot by Jake Guentzel.
13:13 of 2nd period - Stopped by Juuse Saros with a rebound.
13:19 of 2nd period - Slapshot by Cam Atkinson.
13:19 of 2nd period - Shot Misses the Net.
13:21 of 2nd period - Wrist shot by Jamie Benn.
13:21 of 2nd period - Shot Misses the Net.
13:38 of 2nd period - Snap shot by Tage Thompson.
13:38 of 2nd period - Stopped by Juuse Saros with a rebound.
14:58 of 2nd period - Wrist shot by Ryan Getzlaf.
14:58 of 2nd period - Shot Misses the Net.
15:00 of 2nd period - Snap shot by Adrian Kempe.
15:00 of 2nd period - Stopped by Frederik Andersen without a rebound.
15:01 of 2nd period - Joe Pavelski wins face-off versus Ryan Getzlaf in St.Louis Blues zone.
15:01 of 2nd period - Joe Pavelski is hit by Adrian Kempe.
15:27 of 2nd period - Jake Guentzel is hit by Damon Severson and loses puck.
15:32 of 2nd period - Wrist shot by Jamie Benn.
15:32 of 2nd period - Stopped by Frederik Andersen without a rebound.
15:33 of 2nd period - Boone Jenner wins face-off versus Robert Thomas in St.Louis Blues zone.
16:03 of 2nd period - Slapshot by Alex DeBrincat.
16:03 of 2nd period - Stopped by Juuse Saros without a rebound.
16:04 of 2nd period - Ryan Getzlaf wins face-off versus Joe Pavelski in Edmonton Oilers zone.
16:20 of 2nd period - Wrist shot by Tage Thompson.
16:20 of 2nd period - Shot Blocked by Brett Pesce.
16:22 of 2nd period - Slapshot by Colton Parayko.
16:22 of 2nd period - Shot Blocked by Damon Severson.
16:50 of 2nd period - Slapshot by Joe Pavelski.
16:50 of 2nd period - Stopped by Juuse Saros without a rebound.
16:51 of 2nd period - Boone Jenner wins face-off versus Robert Thomas in Edmonton Oilers zone.
16:51 of 2nd period - Boone Jenner is hit by Jake Guentzel.
17:26 of 2nd period - Wrist shot by Alex Iafallo.
17:26 of 2nd period - Shot Misses the Net.
17:28 of 2nd period - Wrist shot by Brock Boeser.
17:28 of 2nd period - Stopped by Frederik Andersen with a rebound.
17:40 of 2nd period - Snap shot by Frederick Gaudreau.
17:40 of 2nd period - Shot Misses the Net.
17:42 of 2nd period - Slapshot by Frederick Gaudreau.
17:42 of 2nd period - Shot Misses the Net.
18:10 of 2nd period - Wrist shot by Cam Atkinson.
18:10 of 2nd period - Shot Misses the Net.
18:12 of 2nd period - Wrist shot by Boone Jenner.
18:12 of 2nd period - Shot Misses the Net.
18:32 of 2nd period - Snap shot by Adrian Kempe.
18:32 of 2nd period - Stopped by Frederik Andersen without a rebound.
18:33 of 2nd period - Joe Pavelski wins face-off versus Jamie Benn in St.Louis Blues zone.
18:35 of 2nd period - Icing by Colton Parayko.
18:36 of 2nd period - Joe Pavelski wins face-off versus Boone Jenner in St.Louis Blues zone.
18:36 of 2nd period - Joe Pavelski is hit by Brett Pesce.
18:52 of 2nd period - Boone Jenner is hit by Tage Thompson and loses puck.
19:07 of 2nd period - Slapshot by Evander Kane.
19:07 of 2nd period - Shot Blocked by Anthony Duclair.
19:09 of 2nd period - Slapshot by Ondrej Kase.
19:09 of 2nd period - Shot Blocked by Damon Severson.
19:32 of 2nd period - Slapshot by Alex Iafallo.
19:32 of 2nd period - Shot Misses the Net.
19:34 of 2nd period - Wrist shot by Brett Pesce.
19:34 of 2nd period - Stopped by Frederik Andersen with a rebound.
19:36 of 2nd period - Wrist shot by Brock Boeser.
19:36 of 2nd period - Deflect By Mikael Backlund.
19:36 of 2nd period - Shot Misses the Net.
19:36 of 2nd period - Puck is out of play.
19:37 of 2nd period - Joe Pavelski wins face-off versus Boone Jenner in St.Louis Blues zone.
19:42 of 2nd period - Snap shot by Tage Thompson.
19:42 of 2nd period - Stopped by Juuse Saros without a rebound.
19:43 of 2nd period - Boone Jenner wins face-off versus Alex DeBrincat in Edmonton Oilers zone.
Goals for this period are 0 for Edmonton Oilers vs 0 for St.Louis Blues.
Shots for this period are 8 for Edmonton Oilers vs 12 for St.Louis Blues.
3rd period
0:01 of 3rd period - Robert Thomas wins face-off versus Ryan Getzlaf in neutral zone.
0:09 of 3rd period - Snap shot by Ryan Getzlaf.
0:09 of 3rd period - Shot Misses the Net.
0:11 of 3rd period - Snap shot by Adrian Kempe.
0:11 of 3rd period - Stopped by Frederik Andersen with a rebound.
0:13 of 3rd period - Wrist shot by Adrian Kempe.
0:13 of 3rd period - Shot Blocked by Robert Thomas.
0:15 of 3rd period - Wrist shot by Anthony Duclair.
0:15 of 3rd period - Stopped by Frederik Andersen without a rebound.
0:16 of 3rd period - Boone Jenner wins face-off versus Joe Pavelski in St.Louis Blues zone.
0:27 of 3rd period - Snap shot by Boone Jenner.
0:27 of 3rd period - Stopped by Frederik Andersen with a rebound.
0:43 of 3rd period - Tage Thompson is hit by Alex Iafallo.
0:47 of 3rd period - Mikael Backlund is hit by Alex Pietrangelo.
1:15 of 3rd period - Slapshot by Jake DeBrusk.
1:15 of 3rd period - Shot Misses the Net.
1:50 of 3rd period - Wrist shot by Alex DeBrincat.
1:50 of 3rd period - Shot Blocked by Sean Kuraly.
1:52 of 3rd period - Wrist shot by Colton Parayko.
1:52 of 3rd period - Shot Blocked by Duncan Keith.
1:54 of 3rd period - Slapshot by Alex Pietrangelo.
1:54 of 3rd period - Shot Blocked by Duncan Keith.
1:56 of 3rd period - Snap shot by Alex Pietrangelo.
1:56 of 3rd period - Goal by Alex Pietrangelo - Edmonton Oilers : 0 - St.Louis Blues : 1.
1:57 of 3rd period - Elias Pettersson wins face-off versus Ryan Getzlaf in neutral zone.
2:00 of 3rd period - Ryan Getzlaf is hit by Jake Guentzel and loses puck.
2:23 of 3rd period - Evander Kane is hit by Jamie Benn and loses puck.
2:46 of 3rd period - Backhand shot by Brock Boeser.
2:46 of 3rd period - Stopped by Frederik Andersen with a rebound.
2:48 of 3rd period - Slapshot by Mikael Backlund.
2:48 of 3rd period - Goal by Mikael Backlund - Edmonton Oilers : 1 - St.Louis Blues : 1.
2:49 of 3rd period - Robert Thomas wins face-off versus Anthony Duclair in neutral zone.
3:02 of 3rd period - Backhand shot by Elias Pettersson.
3:02 of 3rd period - Shot Misses the Net.
3:14 of 3rd period - Jamie Benn is hit by Evander Kane and loses puck.
3:21 of 3rd period - Evander Kane is hit by Boone Jenner and loses puck.
3:46 of 3rd period - Slapshot by Frederick Gaudreau.
3:46 of 3rd period - Stopped by Juuse Saros with a rebound.
3:52 of 3rd period - Snap shot by Jimmy Vesey.
3:52 of 3rd period - Stopped by Juuse Saros without a rebound.
3:53 of 3rd period - Robert Thomas wins face-off versus Anthony Duclair in Edmonton Oilers zone.
4:03 of 3rd period - Minor Penalty to Jake Guentzel for Hooking.
4:04 of 3rd period - Boone Jenner wins face-off versus Frederick Gaudreau in St.Louis Blues zone.
4:06 of 3rd period - Snap shot by Adrian Kempe.
4:06 of 3rd period - Shot Misses the Net.
4:08 of 3rd period - Snap shot by Adrian Kempe.
4:08 of 3rd period - Goal by Adrian Kempe - Edmonton Oilers : 2 - St.Louis Blues : 1.
4:09 of 3rd period - Ryan Getzlaf wins face-off versus Robert Thomas in neutral zone.
4:21 of 3rd period - Slapshot by Jake Guentzel.
4:21 of 3rd period - Stopped by Juuse Saros without a rebound.
4:22 of 3rd period - Ryan Getzlaf wins face-off versus Robert Thomas in Edmonton Oilers zone.
4:47 of 3rd period - Damon Severson is hit by Alex Pietrangelo and loses puck.
4:56 of 3rd period - Snap shot by Cam Atkinson.
4:56 of 3rd period - Stopped by Frederik Andersen with a rebound.
5:30 of 3rd period - Slapshot by Elias Pettersson.
5:30 of 3rd period - Stopped by Juuse Saros with a rebound.
5:32 of 3rd period - Slapshot by Danny DeKeyser.
5:32 of 3rd period - Stopped by Juuse Saros without a rebound.
5:33 of 3rd period - Jake Guentzel wins face-off versus Anthony Duclair in Edmonton Oilers zone.
6:00 of 3rd period - Snap shot by Joe Pavelski.
6:00 of 3rd period - Deflect By Alex DeBrincat.
6:00 of 3rd period - Shot Blocked by Erik Johnson.
6:00 of 3rd period - Puck is out of play.
6:01 of 3rd period - Joe Pavelski wins face-off versus Boone Jenner in Edmonton Oilers zone.
6:22 of 3rd period - Wrist shot by Boone Jenner.
6:22 of 3rd period - Shot Blocked by Jonas Brodin.
6:25 of 3rd period - Icing by Morgan Rielly.
6:26 of 3rd period - Joe Pavelski wins face-off versus Ryan Getzlaf in St.Louis Blues zone.
7:02 of 3rd period - Snap shot by Jake Guentzel.
7:02 of 3rd period - Stopped by Juuse Saros without a rebound.
7:03 of 3rd period - Boone Jenner wins face-off versus Jake Guentzel in Edmonton Oilers zone.
7:35 of 3rd period - Snap shot by Adrian Kempe.
7:35 of 3rd period - Shot Blocked by Alex Pietrangelo.
7:38 of 3rd period - Icing by Evander Kane.
7:39 of 3rd period - Ondrej Kase wins face-off versus Mikael Backlund in St.Louis Blues zone.
8:15 of 3rd period - Off-side.
8:16 of 3rd period - Robert Thomas wins face-off versus Adrian Kempe in neutral zone.
8:45 of 3rd period - Tage Thompson is hit by Erik Johnson and loses puck.
8:52 of 3rd period - Tage Thompson is hit by Evan Bouchard and loses puck.
9:13 of 3rd period - Snap shot by Evander Kane.
9:13 of 3rd period - Stopped by Juuse Saros with a rebound.
9:15 of 3rd period - Wrist shot by Evander Kane.
9:15 of 3rd period - Stopped by Juuse Saros without a rebound.
9:16 of 3rd period - Ryan Getzlaf wins face-off versus Robert Thomas in Edmonton Oilers zone.
9:27 of 3rd period - Snap shot by Elias Pettersson.
9:27 of 3rd period - Stopped by Juuse Saros with a rebound.
9:54 of 3rd period - Snap shot by Joe Pavelski.
9:54 of 3rd period - Shot Blocked by Mikael Backlund.
10:18 of 3rd period - Wrist shot by Cam Atkinson.
10:18 of 3rd period - Shot Misses the Net.
10:20 of 3rd period - Snap shot by Damon Severson.
10:20 of 3rd period - Shot Misses the Net.
10:39 of 3rd period - Off-side.
10:40 of 3rd period - Robert Thomas wins face-off versus Ryan Getzlaf in neutral zone.
11:07 of 3rd period - Snap shot by Cam Atkinson.
11:07 of 3rd period - Stopped by Frederik Andersen with a rebound.
11:29 of 3rd period - Morgan Rielly is hit by Mikael Backlund and loses puck.
11:36 of 3rd period - Snap shot by Mikael Backlund.
11:36 of 3rd period - Shot Misses the Net.
11:38 of 3rd period - Slapshot by Brock Boeser.
11:38 of 3rd period - Goal by Brock Boeser - Edmonton Oilers : 3 - St.Louis Blues : 1.
11:39 of 3rd period - Robert Thomas wins face-off versus Ryan Getzlaf in neutral zone.
11:56 of 3rd period - Wrist shot by Jake Guentzel.
11:56 of 3rd period - Stopped by Juuse Saros without a rebound.
11:57 of 3rd period - Joe Pavelski wins face-off versus Boone Jenner in Edmonton Oilers zone.
12:14 of 3rd period - Wrist shot by Joe Pavelski.
12:14 of 3rd period - Stopped by Juuse Saros with a rebound.
12:28 of 3rd period - Snap shot by Brock Boeser.
12:28 of 3rd period - Stopped by Frederik Andersen without a rebound.
12:29 of 3rd period - Mikael Backlund wins face-off versus Robert Thomas in St.Louis Blues zone.
12:36 of 3rd period - Snap shot by Brock Boeser.
12:36 of 3rd period - Stopped by Frederik Andersen with a rebound.
14:20 of 3rd period - Jake DeBrusk is hit by Curtis Lazar and loses puck.
14:33 of 3rd period - Snap shot by Paul Stastny.
14:33 of 3rd period - Stopped by Frederik Andersen without a rebound.
14:34 of 3rd period - Ryan Getzlaf wins face-off versus Joe Pavelski in St.Louis Blues zone.
14:48 of 3rd period - Snap shot by Adrian Kempe.
14:48 of 3rd period - Shot Misses the Net.
15:22 of 3rd period - Snap shot by Evander Kane.
15:22 of 3rd period - Shot Blocked by Erik Johnson.
15:40 of 3rd period - Snap shot by Jack Eichel.
15:40 of 3rd period - Stopped by Juuse Saros with a rebound.
15:42 of 3rd period - Wrist shot by Curtis Lazar.
15:42 of 3rd period - Shot Blocked by Brandon Carlo.
15:44 of 3rd period - Slapshot by Alex Pietrangelo.
15:44 of 3rd period - Shot Blocked by Duncan Keith.
15:52 of 3rd period - Snap shot by Curtis Lazar.
15:52 of 3rd period - Stopped by Juuse Saros without a rebound.
15:53 of 3rd period - Mikael Backlund wins face-off versus Robert Thomas in Edmonton Oilers zone.
16:43 of 3rd period - Slapshot by Joe Pavelski.
16:43 of 3rd period - Stopped by Juuse Saros with a rebound.
16:45 of 3rd period - Slapshot by Adam Pelech.
16:45 of 3rd period - Shot Blocked by Duncan Keith.
16:47 of 3rd period - Snap shot by Tage Thompson.
16:47 of 3rd period - Stopped by Juuse Saros without a rebound.
16:48 of 3rd period - Joe Pavelski wins face-off versus Mikael Backlund in Edmonton Oilers zone.
17:01 of 3rd period - Wrist shot by Joe Pavelski.
17:01 of 3rd period - Stopped by Juuse Saros without a rebound.
17:02 of 3rd period - Boone Jenner wins face-off versus Ondrej Kase in Edmonton Oilers zone.
17:04 of 3rd period - Minor Penalty to Boone Jenner for Holding.
17:05 of 3rd period - Mikael Backlund wins face-off versus Joe Pavelski in Edmonton Oilers zone.
17:15 of 3rd period - Slapshot by Morgan Rielly.
17:15 of 3rd period - Deflect By Elias Pettersson.
17:15 of 3rd period - Shot Blocked by Erik Johnson.
17:15 of 3rd period - Puck is out of play.
17:16 of 3rd period - Joe Pavelski wins face-off versus Cam Atkinson in Edmonton Oilers zone.
17:54 of 3rd period - Wrist shot by Alex DeBrincat.
17:54 of 3rd period - Shot Blocked by Damon Severson.
19:04 of 3rd period - Penalty to Boone Jenner is over, Boone Jenner is back on ice.
Goals for this period are 3 for Edmonton Oilers vs 1 for St.Louis Blues.
Shots for this period are 12 for Edmonton Oilers vs 17 for St.Louis Blues.
Back to the Top